 Dungeon Crawl Stone Soup version 0.30.1-4-g462c640d31 (webtiles) character file.

Game seed: 3347071029724828889

78 turgid the Digger (level 4, 0/27 HPs)
             Began as an Octopode Earth Elementalist on Aug 15, 2023.
             Slain by Sigmund
             ... wielding a +0 scythe
              (10 damage)
             ... on level 2 of the Dungeon.
             The game lasted 00:01:57 (1342 turns).

turgid the Digger (Octopode Earth Elementalist)     Turns: 1342, Time: 00:01:58

Health: 0/27       AC:  1    Str:  7    XL:     4   Next: 36%
Magic:  5/9        EV: 13    Int: 19    God:
Gold:   31         SH:  0    Dex: 12    Spells: 9/10 levels left

rFire   . . .        (no weapon)
rCold   . . .        (no shield)
rNeg    . . .        (helmet restricted)
rPois   .            (no amulet)
rElec   .            d - ring of willpower
rCorr   .            (no ring)
SInv    .            (no ring)
Will    +....        (no ring)
Stlth   +++          (no ring)
HPRegen 0.24/turn    (no ring)
MPRegen 0.11/turn    (no ring)
                     (no ring)

%: no passive effects
@: lethally poisoned (0 -> -2)
A: almost no armour, amphibious, 8 rings, camouflage 1, gelatinous body 1,
(nimble swimmer 1), tentacles
a: no special abilities


You were on level 2 of the Dungeon.
You visited 1 branch of the dungeon, and saw 2 of its levels.

You collected 31 gold pieces.

Inventory:

Jewellery
 d - a ring of willpower (left tentacle)
Scrolls
 b - a scroll of fog {unknown}
 c - a scroll of brand weapon {unknown}
 e - a scroll of amnesia {unknown}
 f - 2 scrolls of poison {unknown}
 g - 2 scrolls of fear {unknown}
 h - a scroll of immolation {unknown}
 i - a scroll of magic mapping {unknown}
 j - a scroll of identify {unknown}
Potions
 a - a potion of magic
 k - a potion of might {unknown}
 l - 2 potions of lignification {unknown}
 m - 2 potions of curing
 o - 2 potions of brilliance {unknown}


   Skills:
 - Level 2.0 Dodging
 - Level 2.6 Stealth
 * Level 3.6 Spellcasting
 - Level 1.0 Transmutations
 + Level 3.7 Earth Magic


You had 9 spell levels left.
You knew the following spells:

 Your Spells              Type           Power      Damage    Failure   Level
a - Sandblast             Erth           34%        2d9       3%          1

Your spell library contained the following spells:

 Spells                   Type           Power      Damage    Failure   Level
 Passwall                 Tmut/Erth      10%        N/A       9%          2
 Stone Arrow              Conj/Erth      20%        3d8       21%         3
 Petrify                  Tmut/Erth      12%        N/A       47%         4


Dungeon Overview and Level Annotations

Branches:
Dungeon (2/15)

Altars:

Annotations:
D:2 Sigmund


Innate Abilities, Weirdness & Mutations

You cannot wear most types of armour.
You are amphibious.
You can wear up to eight rings at the same time.
Your skin changes colour to match your surroundings (Stealth+).
Your rubbery body absorbs attacks. (AC +1, EV +1)
((You are camouflaged when in or above water. (Stealth+)))
You have tentacles for arms and can constrict up to eight enemies at once.


Message History

The adder bites you.
Sigmund hits you from afar with a +0 scythe!
It was a potion of curing.
You feel better. The adder misses you. The adder barely misses you.
Sigmund hits you from afar with a +0 scythe.
As you read the scroll labelled MUMOFU QOGEA, it crumbles to dust.
It is a scroll of enchant armour.
You aren't carrying any armour which can be enchanted further.
The adder closely misses you.
Unknown command.
The adder attacks as you move away! The adder bites you but does no damage.
The adder closely misses you.
You see here a +0 dagger.
The adder attacks as you move away! The adder misses you.
Sigmund mumbles some strange words.
Sigmund flickers and vanishes!
Deactivating autopickup; reactivate with Ctrl-A.
The adder attacks as you move away! The adder bites you. The adder bites you.
You are poisoned.
The adder poisons you!
Unknown command.
Casting: Sandblast (safe; 3% risk of failure)
Confirm with . or Enter, or press ? or * to list all spells.
Aiming: Sandblast (safe; 3% risk of failure)
Press: ? - help, Shift-Dir - straight line, f - adder
Aim: an adder (70% to hit)
The blast of sand hits the adder!
You kill the adder!
You feel sick. Something hits you.
Unknown command.
Casting: Sandblast (safe; 3% risk of failure)
Confirm with . or Enter, or press ? or * to list all spells.
Aiming: Sandblast (safe; 3% risk of failure)
Press: ? - help, Shift-Dir - straight line, f - frilled lizard
Aim: a frilled lizard (70% to hit)
The blast of sand hits the frilled lizard.
You kill the frilled lizard!
You feel sick. Something hits you!
You die...

8_.....
##.....
##...#
###...#
#....#####
#.).##...#
#..##.##.#
#..##....#
##@####..#
#.......#
..#
######.##
..#.
#...#.#
...
#.#...# #.
#...### #.
##.######
#.
#.##...##
##
#.#.....##
#


There were no monsters in sight!

Vanquished Creatures
  Jessica (D:2)
  2 adders (D:2)
  A worm (D:2)
  3 dart slugs
  3 bats
  2 giant cockroaches (D:1)
  4 goblins
  A hobgoblin (D:1)
  3 kobolds
  4 ball pythons
  4 frilled lizards
  2 rats
30 creatures vanquished.

Notes
Turn   | Place    | Note
-------+----------+-------------------------------------------
     0 | D:1      | turgid the Octopode Earth Elementalist began the quest for
                  | the Orb.
     0 | D:1      | Reached XP level 1. HP: 11/11 MP: 3/3
   193 | D:1      | Reached XP level 2. HP: 17/17 MP: 3/5
   348 | D:1      | You fall into a shaft and drop 1 floor!
   996 | D:2      | Reached XP level 3. HP: 21/21 MP: 5/7
  1083 | D:2      | Noticed Jessica
  1138 | D:2      | Killed Jessica
  1139 | D:2      | Reached XP level 4. HP: 27/27 MP: 4/9
  1310 | D:2      | Noticed Sigmund
  1326 | D:2      | Found a faded altar of an unknown god.
  1342 | D:2      | Slain by Sigmund

Illustrated notes

Levels and vault maps discovered:
D:1:      scummos_arrival_forest, layout_loops_ring
D:2:      layout_loops_cross, hellmonk_ecumenical_altar_crossroads,
          uniq_jessica, uniq_sigmund

Skill      XL: |  1  2  3 |
---------------+----------+-----
Spellcasting   | 3 |  3.6
Dodging        | |  2.0
Stealth        | |  2.6
Transmutations | |  1.0
Earth Magic    | |  3.7

Action                     |  1- 3 |  4- 6 || total
---------------------------+-------+-------++-------
  Melee: Unarmed           |     1 |       ||     1
         Constrict         |     1 |       ||     1
   Cast: Sandblast         |    36 |     9 ||    45
    Use: Scroll            |       |     1 ||     1
         Potion            |       |     1 ||     1
 Armour: Skin              |       |     1 ||     1
  Dodge: Dodged            |     5 |     6 ||    11
